 Dungeon Crawl Stone Soup version 0.17-a0-1882-g750edc8 (webtiles) character file.

871 matakusis the Ducker (level 7, -7/52 HPs)
             Began as a Demonspawn Gladiator on Sept 22, 2015.
             Was an Initiate of Ru.
             Killed from afar by Duvessa (8 damage)
             ... with a wand of frost
             ... on level 5 of the Dungeon.
             The game lasted 00:14:32 (3716 turns).

matakusis the Ducker (Demonspawn Gladiator)         Turns: 3716, Time: 00:14:33

Health: -7/52      AC:  6    Str: 15    XL:     7   Next: 73%
Magic:  7/7        EV: 16    Int:  9    God:    Ru [......]
Gold:   180        SH:  0    Dex: 16    Spells: 0 memorised, 6 levels left

rFire  . . .     SeeInvis .     a - +0 war axe
rCold  . . .     Clarity  .     b - +1 leather armour
rNeg   . . .     SustAt   .     (no shield)
rPois  .         Gourm    .     c - +0 helmet
rElec  .         Spirit   .     (no cloak)
rCorr  .         Warding  .     (no gloves)
rMut   .         Stasis   .     (no boots)
MR     .....                    (no amulet)
Stlth  +.........               (no ring)
                                (no ring)

@: not resistant to hostile enchantments, very unstealthy
A: talons 1, icy blue scales 1, powered by death 1, spiny 1
a: Renounce Religion


You were on level 5 of the Dungeon.
You worshipped Ru.
Ru was noncommittal.
You were not hungry.

You visited 2 branches of the dungeon, and saw 6 of its levels.

You collected 180 gold pieces.

Inventory:

Hand weapons
 a - a +0 war axe (weapon)
 w - the +8 long sword of Fate {slice, *Corrode rPois rF++ Str+4}
   (You found it on level 4 of the Dungeon)

   It inflicts extra damage upon your enemies.
   It affects your strength (+4).
   It greatly protects you from fire.
   It protects you from poison.
   It may corrode your equipment when you take damage.
Missiles
 d - 4 throwing nets (quivered)
Armour
 b - a +1 leather armour (worn)
 c - a +0 helmet (worn)
Jewellery
 v - an uncursed ring of fire
Magical devices
 t - a wand of frost (37)
 y - a wand of flame (38)
Scrolls
 n - a scroll of recharging
 q - a scroll of immolation
Potions
 f - 2 potions of might {unknown}
 k - 2 potions of curing
 l - a potion of resistance
 m - a potion of agility {unknown}
 p - a potion of degeneration {unknown}
 r - a potion of magic {unknown}
 u - a potion of cure mutation {unknown}
 x - a potion of invisibility {unknown}
Comestibles
 e - 2 bread rations
 g - 5 meat rations
 i - 2 chunks of flesh
 j - 4 slices of pizza
 o - 3 beef jerkies
 s - a royal jelly


   Skills:
 + Level 3.2 Fighting
 + Level 4.4 Axes
 - Level 1.7 Throwing
 + Level 2.8 Armour
 * Level 6.6 Dodging


You had 6 spell levels left.
You didn't know any spells.

Dungeon Overview and Level Annotations

Branches:
Dungeon (5/15)             Temple (1/1) D:4

Altars:
Ashenzari
Cheibriados
Elyvilon
Fedhas
Kikubaaqudgha
Okawaru
Ru
Sif Muna
Vehumet

Annotations:
D:5 Dowan, Duvessa


Innate Abilities, Weirdness & Mutations

You have sharp toenails.
You are partially covered in icy blue scales (AC +1).
You regenerate a little health from kills.
You are partially covered in sharp spines.


Message History

Duvessa is almost dead.
The orc struggles to escape the net.
Duvessa hits you with a rapier.
You barely miss Duvessa.
Duvessa is almost dead.
The orc struggles against the net.
Duvessa zaps a wand.
The puff of frost hits you!
* * * LOW HITPOINT WARNING * * *
The orc struggles against the net.
You hit Duvessa but do no damage.
Duvessa is almost dead.
Duvessa zaps a wand.
The puff of frost hits you!
* * * LOW HITPOINT WARNING * * *
The orc struggles against the net.
The net rips apart, and the orc comes free!
You hit Duvessa but do no damage. You claw Duvessa, but do no damage.
Duvessa is almost dead.
Duvessa zaps a wand.
The puff of frost hits you!
* * * LOW HITPOINT WARNING * * *
Duvessa zaps a wand.
The puff of frost hits you!
You die...

##### #...####
##.#.....
############..[.....
#oe@.........#.#####
#.##########....##
#.. ...<........##
#.. ###..........#
#.. #.###.....###
... # #........ ##..
###.#.### ...
..#.### ##.##.


You could see Duvessa and an orc.

Vanquished Creatures
  The ghost of bear the Destroyer, an experienced DEWz of Vehumet (D:5)
  A phantom (D:4)
  A jelly (D:5)
  An orc priest (D:4)
  Natasha (thrice) (D:2)
  An orc wizard (D:4)
  2 hounds (D:4)
  4 worker ants
  Robin (D:3)
  3 gnolls (D:3)
  8 adders
  2 oozes
  An adder skeleton (D:4)
  4 worms
  2 giant geckos
  2 orcs (D:4)
  3 ball pythons
  4 giant cockroaches
  7 hobgoblins
  7 kobolds
  2 quokkas
  13 bats
  5 giant newts
  14 goblins
  6 rats
98 creatures vanquished.

Vanquished Creatures (others)
  5 toadstools (D:1)
5 creatures vanquished.

Grand Total: 103 creatures vanquished

Notes
Turn   | Place    | Note
--------------------------------------------------------------
     0 | D:1      | matakusis the Demonspawn Gladiator began the quest for the Orb.
     0 | D:1      | Reached XP level 1. HP: 16/16 MP: 1/1
   421 | D:1      | Reached skill level 3 in Dodging
   431 | D:1      | Gained mutation: You are partially covered in sharp spines. [demonic ancestry]
   431 | D:1      | Reached XP level 2. HP: 19/22 MP: 2/2
   938 | D:2      | Gained mutation: You are partially covered in icy blue scales (AC +1). [demonic ancestry]
   938 | D:2      | Reached XP level 3. HP: 22/27 MP: 3/3
  1097 | D:2      | Found a snail-covered altar of Cheibriados.
  1389 | D:2      | Reached skill level 4 in Dodging
  1389 | D:2      | Gained mutation: You regenerate a little health from kills. [demonic ancestry]
  1389 | D:2      | Reached XP level 4. HP: 32/34 MP: 4/4
  1501 | D:2      | Noticed Natasha
  1507 | D:2      | Killed Natasha
  1738 | D:2      | Noticed Natasha
  1743 | D:2      | Killed Natasha
  1796 | D:2      | Reached skill level 1 in Armour
  1849 | D:2      | Noticed Natasha
  1859 | D:2      | Killed Natasha
  2138 | D:3      | Reached XP level 5. HP: 39/39 MP: 5/5
  2460 | D:3      | Noticed Robin
  2466 | D:3      | Killed Robin
  2725 | D:4      | Reached skill level 5 in Dodging
  2944 | D:4      | Gained mutation: You have sharp toenails. [demonic ancestry]
  2944 | D:4      | Reached XP level 6. HP: 43/46 MP: 6/6
  2982 | D:4      | Got an ichor-stained long sword
  2983 | D:4      | Identified the +8 long sword of Fate {slice, *Corrode rPois rF++ Str+4} (You found it on level 4 of the Dungeon)
  3061 | D:4      | Found a staircase to the Ecumenical Temple.
  3064 | D:4      | Noticed a phantom
  3086 | D:4      | Killed a phantom
  3093 | Temple   | Entered the Ecumenical Temple
  3280 | Temple   | Became a worshipper of Ru the Awakened
  3540 | D:5      | Entered Level 5 of the Dungeon
  3566 | D:5      | Noticed bear's ghost (experienced DEWz)
  3578 | D:5      | Killed bear's ghost
  3578 | D:5      | Reached skill level 6 in Dodging
  3578 | D:5      | Reached XP level 7. HP: 29/52 MP: 7/7
  3693 | D:5      | Noticed Duvessa
  3694 | D:5      | Noticed Dowan
  3706 | D:5      | HP: 2/52 [Duvessa/wand of frost (11)]
  3716 | D:5      | HP: 1/52 [Duvessa/wand of frost (9)]
  3716 | D:5      | Killed from afar by Duvessa

Vault maps used:
D:1:      ldierk_walled_garden, grunt_decor_cap
D:2:      cheibriados_altar_1, grunt_decor_arrowhead, uniq_natasha
D:3:      uniq_robin
D:4:      temple_statues
D:5:      nemelex_deck, gup_sewer_entry_spiral, first_bread,
          corexii_item_surrounded_by_moat, uniq_duvessa, uniq_prince_ribbit1
Temple:   minmay_temple_bridge_a_8

Action                   |  1- 3 |  4- 6 |  7- 9 || total
-------------------------+-------+-------+-------++-------
Melee: War axe           |    66 |   111 |    24 ||   201
Throw: Throwing net      |       |       |     2 ||     2
  Use: Scroll            |       |    12 |       ||    12
       Potion            |       |       |     2 ||     2
 Stab: Sleeping          |     3 |       |       ||     3
  Eat: Chunk             |     1 |     8 |       ||     9
